 Dungeon Crawl Stone Soup version 0.29.1-1-gd02db6906a (webtiles) character file.

Game seed: 5634509213738881940

93 Haiku the Shooter (level 4, -3/55 HPs)
             Began as a Draconian Hunter on Sept 23, 2022.
             Slain by Grinder (6 damage)
             ... on level 4 of the Dungeon.
             The game lasted 00:03:15 (514 turns).

Haiku the Shooter (Draconian Hunter)                 Turns: 514, Time: 00:03:16

Health: -3/55      AC: 22    Str: 14    XL:     4   Next: 37%
Magic:  4/4        EV:  2    Int: 11    God:
Gold:   27         SH:  0    Dex: 14    Spells: 3/3 levels left

rFire   . . .      SeeInvis .   a - +0 shortbow
rCold   . . .      Faith    .   (shield currently unavailable)
rNeg    . . .      Spirit   .   (body armour unavailable)
rPois   +          Reflect  .   (helmet currently unavailable)
rElec   .          Harm     .   (cloak currently unavailable)
rCorr   .          Rampage  .   (gloves currently unavailable)
Will    .....      NoTele   +   (boots currently unavailable)
Stlth   ++........              (no amulet)
HPRegen 0.18/turn               (no ring)
MPRegen 0.09/turn               (no ring)

@: tree-form (expiring), attractive
A: stationary, stasis, torment immunity, boosted hp, AC +5, unfitting armour,
(cold-blooded)
a: no special abilities


You were on level 4 of the Dungeon.
You were a tree.
You visited 1 branch of the dungeon, and saw 4 of its levels.

You collected 27 gold pieces.

Inventory:

Hand Weapons
 a - a +0 shortbow (weapon)
Scrolls
 b - a scroll of immolation


   Skills:
 * Level 2.5 Fighting
 * Level 4.9 Ranged Weapons
 * Level 2.1 Dodging
 * Level 1.5 Stealth


You had 3 spell levels left.
You didn't know any spells.
Your spell library was empty.

Dungeon Overview and Level Annotations

Branches:
Dungeon (4/15)
 Temple: D:4-7

Altars:
Gozag

Shops:
D:1 (

Annotations:
D:4 Grinder


Innate Abilities, Weirdness & Mutations

You are a tree.
Your roots penetrate the ground, keeping you stationary.
You cannot be teleported.
You are immune to unholy pain and torment.
Your maximum health is greatly increased.
Your equipment is partially melded.
((Your plain brown scales are hard. (AC +5)))
You cannot fit into any form of body armour.
((You are cold-blooded and may be slowed by cold attacks.))


Message History

Aim: Grinder (moderately wounded, 58% to hit)
You shoot an arrow. The arrow barely misses Grinder.
Grinder hits you but does no damage.
Unknown command.
Fire: a) +0 shortbow
Press: ? - help, Q - select action Shift-Dir - straight line, f/p - Grinder
Aim: Grinder (moderately wounded, 58% to hit)
You shoot an arrow. The arrow closely misses Grinder.
Grinder hits you but does no damage.
Unknown command.
Fire: a) +0 shortbow
Press: ? - help, Q - select action Shift-Dir - straight line, f/p - Grinder
Aim: Grinder (moderately wounded, 58% to hit)
You shoot an arrow. The arrow hits Grinder.
Grinder is heavily wounded.
Grinder hits you but does no damage. x2
Fire: a) +0 shortbow
Press: ? - help, Q - select action Shift-Dir - straight line, f/p - Grinder
Aim: Grinder (heavily wounded, 58% to hit)
You shoot an arrow. The arrow hits Grinder.
Grinder is severely wounded.
Grinder hits you but does no damage.
Fire: a) +0 shortbow
Press: ? - help, Q - select action Shift-Dir - straight line, f/p - Grinder
Aim: Grinder (severely wounded, 58% to hit)
You shoot an arrow. The arrow closely misses Grinder.
Grinder hits you.
* * * LOW HITPOINT WARNING * * *
You writhe in agony.
* * * LOW HITPOINT WARNING * * *
Fire: a) +0 shortbow
Press: ? - help, Q - select action Shift-Dir - straight line, f/p - Grinder
Aim: Grinder (severely wounded, 58% to hit)
You shoot an arrow. The arrow hits Grinder.
Grinder is severely wounded.
Your transformation is almost over.
Grinder hits you!
* * * LOW HITPOINT WARNING * * *
You writhe in agony.
You die...

#...†...........#
#####...........#
#...........#
##..........#
#..........#
####....####
###...####
##.>...# #####♣#
#5# #.# #.# #.#
#.# #.# #.#


You could see Grinder.

Vanquished Creatures
  A scorpion (D:4)
  2 adders
  3 hobgoblins
  3 kobolds (D:3)
  3 ball pythons (D:4)
  2 frilled lizards
14 creatures vanquished.

Notes
Turn   | Place    | Note
-------+----------+-------------------------------------------
     0 | D:1      | Haiku the Draconian Hunter began the quest for the Orb.
     0 | D:1      | Reached XP level 1. HP: 17/17 MP: 1/1
    38 | D:1      | Found Etoips's Weapon Emporium.
    97 | D:2      | Reached skill level 4 in Ranged Weapons
    97 | D:2      | Reached skill level 1 in Stealth
    97 | D:2      | Reached XP level 2. HP: 19/24 MP: 2/2
   192 | D:3      | Found an opulent altar of Gozag.
   239 | D:3      | Reached XP level 3. HP: 28/30 MP: 3/3
   330 | D:4      | Noticed a scorpion
   345 | D:4      | Killed a scorpion
   346 | D:4      | Reached XP level 4. HP: 24/37 MP: 4/4
   483 | D:4      | Noticed Grinder
   502 | D:4      | Paralysed by Grinder for 2 turns
   506 | D:4      | Paralysed by Grinder for 3 turns
   514 | D:4      | Slain by Grinder

Illustrated notes

Levels and vault maps discovered:
D:1:      ebering_hopf_link, layout_basic, serial_shops, shop_statue,
          nicolae_shop_trees, nicolae_shop_window_shopping
D:2:      layout_rooms, dreamdust_princess_bridge
D:3:      lemuel_castle_with_subvaults [lemuel_castle_interior_carwin_1],
          layout_basic, mainiacjoe_overflow_six_doors_small, old_standard_altar,
          minmay_three_crescents, uniq_robin
D:4:      layout_basic, lemuel_tele_altar, minmay_unequal, uniq_sigmund,
          uniq_grinder, uniq_menkaure

Skill      XL: |  1  2  3 |
---------------+----------+-----
Ranged Weapons | 4 |  4.9
Stealth        | 1 |  1.5
Dodging        | 2 |  2.1
Fighting       | |  2.5

Action                   |  1- 3 |  4- 6 || total
-------------------------+-------+-------++-------
 Fire: Shortbow          |    57 |    21 ||    78
  Use: Potion            |       |     3 ||     3
Armor: Skin              |     6 |     7 ||    13
Dodge: Dodged            |    31 |     7 ||    38
